 Dungeon Crawl Stone Soup version 0.25-a0-566-g062765be81 (webtiles) character file.

Game seed: 5919872282854669049, levelgen mode: deterministic

7807 RedPan the Fighter (level 11, -8/89 HPs)
             Began as a Gnoll Wanderer on Feb 27, 2020.
             Was a Believer of Cheibriados.
             Killed from afar by Josephine (19 damage)
             ... with a ghostly fireball
             ... on level 11 of the Dungeon.
             The game lasted 00:33:06 (9654 turns).

RedPan the Fighter (Gnoll Wanderer)                 Turns: 9654, Time: 00:33:07

Health: -8/89      AC: 29    Str: 23    XL:     11   Next: 21%
Magic:  24/29      EV:  6    Int: 20    God:    Cheibriados [**....]
Gold:   702        SH:  0    Dex: 16    Spells: 22/22 levels left

rFire    + . .     SeeInvis +   b - +8 short sword of Ojomien {drain, MP+9}
rCold    + . .     Gourm    .   (no shield)
rNeg     . . .     Faith    .   D - +13 plate armour "Alyraeck" {SInv}
rPois    +         Spirit   .   g - +0 helmet
rElec    +         Reflect  .   z - +0 cloak
rCorr    +         Harm     .   e - +1 pair of gloves
MR       .....                  (no boots)
Stlth    ..........             (no amulet)
HPRegen  0.24/turn              C - +2 ring of protection
MPRegen  0.21/turn              s - ring of stealth

@: about to teleport, resistant, slowed, extremely drained, very slow
A: distributed training, fangs 1, strong nose
a: Bend Time, Renounce Religion


You were on level 11 of the Dungeon.
You worshipped Cheibriados.
Cheibriados was pleased with you.
You were not hungry.

You visited 2 branches of the dungeon, and saw 12 of its levels.

You collected 934 gold pieces.
You spent 232 gold pieces at shops.

Inventory:

Hand Weapons
 a - a +0 hand crossbow
 b - the +8 short sword of Ojomien (weapon) {drain, MP+9}
   (You bought it in a shop on level 5 of the Dungeon)

   A truly terrible weapon, it drains the life of those it strikes.
   It affects your magic capacity (+9).
 x - a +1 scimitar of flaming
Missiles
 d - 41 bolts
 r - 9 curare-tipped darts (quivered)
Armour
 e - a +1 pair of gloves (worn)
 g - a +0 helmet (worn)
 z - a +0 cloak (worn)
 D - the +13 plate armour "Alyraeck" (worn) {SInv}
   (You found it on level 9 of the Dungeon)

   It lets you see invisible.
   If you remove this armour, your AC will decrease by 23 (29 -> 6).
Jewellery
 s - a ring of stealth (right hand)
 u - an uncursed ring of see invisible
 C - a +2 ring of protection (left hand)
 G - a cursed amulet of guardian spirit {unknown}
Wands
 h - a wand of polymorph (19)
 p - a wand of iceblast (21)
 v - a wand of digging (2)
Scrolls
 n - 5 scrolls of remove curse
 o - a scroll of teleportation
 y - 2 scrolls of amnesia
 A - 3 scrolls of identify
 F - a scroll of vulnerability {unknown}
Potions
 i - 2 potions of stabbing
 j - 2 potions of curing
 k - a potion of mutation {unknown}
 l - a potion of might {unknown}
 m - a potion of invisibility
 q - a potion of cancellation
 t - 2 potions of brilliance
 E - a potion of flight {unknown}
Comestibles
 c - 2 chunks of flesh
 f - 14 rations


   Skills:
 + Level 9.0(0.0) Fighting
 + Level 6.0(0.0) Short Blades
 + Level 6.0(0.0) Long Blades
 + Level 7.6(0.0) Axes
 + Level 6.0(0.0) Maces & Flails
 + Level 6.0(0.0) Polearms
 + Level 6.0(0.0) Staves
 + Level 6.0(0.0) Slings
 + Level 6.0(0.0) Bows
 + Level 7.6(0.0) Crossbows
 + Level 6.5(0.0) Throwing
 + Level 6.5(0.0) Armour
 + Level 6.0(0.0) Dodging
 + Level 6.4(0.0) Stealth
 + Level 6.0(0.0) Shields
 + Level 6.0(0.0) Unarmed Combat
 + Level 6.0(0.0) Spellcasting
 + Level 4.9(0.0) Conjurations
 + Level 4.9(0.0) Hexes
 + Level 4.9(0.0) Charms
 + Level 4.9(0.0) Summonings
 + Level 4.9(0.0) Necromancy
 + Level 4.9(0.0) Translocations
 + Level 4.9(0.0) Transmutations
 + Level 4.9(0.0) Fire Magic
 + Level 4.9(0.0) Ice Magic
 + Level 4.9(0.0) Air Magic
 + Level 4.9(0.0) Earth Magic
 + Level 4.9(0.0) Poison Magic
 + Level 6.5(0.0) Invocations
 + Level 6.0(0.0) Evocations


You had 22 spell levels left.
You didn't know any spells.
Your spell library contained the following spells:

 Spells                   Type           Power        Failure   Level  Hunger
 Summon Small Mammal      Summ           #...         99%         1    ##.....
 Call Imp                 Summ           #.......     100%        2    ###....
 Call Canine Familiar     Summ           #.......     100%        3    ####...
 Summon Guardian Golem    Hex/Summ       #.......     100%        3    ####...
 Summon Ice Beast         Ice/Summ       #.......     100%        4    #####..
 Summon Lightning Spire   Summ/Air       #.......     100%        4    #####..


Dungeon Overview and Level Annotations

Branches:
Dungeon (12/15)            Temple (1/1) D:7            Lair (0/6) D:9
    Orc (0/2) D:9

Altars:
Ashenzari
Cheibriados
Dithmenos
Elyvilon
Fedhas
Gozag
Hepliaklqana
Kikubaaqudgha
Makhleb
Nemelex Xobeh
Okawaru
Qazlal
Ru
Sif Muna
Trog
Uskayaw
Vehumet
Wu Jian
Xom
Yredelemnul
Zin
The Shining One

Shops:
D:5 (   D:7 (

Annotations:
D:11 Josephine, Sonja


Innate Abilities, Weirdness & Mutations

Your experience applies equally to all skills.
You have very sharp teeth.
Your uncanny sense of smell can sniff out nearby items.


Message History

Sonja hits you but does no damage.
You feel drained. Sonja hits you but does no damage.
You feel drained. Sonja closely misses you.
Sonja mumbles some strange words.
Sonja blinks!
Your surroundings suddenly seem different.
Josephine the Decaying Necromancer comes into view.
She is wielding a +0 dagger and wearing a +0 robe of magic resistance.
Josephine shouts!
An eye of draining comes into view.
The eye of draining turns its gaze towards you.
A bullfrog skeleton comes into view.
A wraith comes into view.
The wraith hits you but does no damage.
A wraith comes into view.
The wraith moves out of view.
A wraith comes into view.
As you read the scroll of teleportation, it crumbles to dust.
You feel strangely unstable. Josephine hits you but does no damage.
Josephine points at you and mumbles some strange words.
The ghostly flame explodes!
The ghostly fireball engulfs you!!
You feel drained.
You die...

# ...
#######W....
#...@@WWZG..
#.#######...


You could see Josephine, an eye of draining, 3 wraiths and a bullfrog skeleton.

Vanquished Creatures
  Harold (D:9)
  Erica (D:8)
  A two-headed ogre (D:8)
  A slime creature (D:6)
  A troll (D:9)
  A hippogriff (D:8)
  3 yaks (D:11)
  Eustachio (D:6)
  A steam dragon (D:8)
  A soldier ant (D:11)
  5 orc warriors
  An ice beast (D:9)
  4 sky beasts
  3 ogres
  2 phantoms
  An eye of draining (D:9)
  4 centaurs
  3 crocodiles
  A big kobold (D:6)
  5 bullfrogs
  A wyvern zombie (D:6)
  2 scorpions
  3 killer bees (D:9)
  3 wights (D:8)
  4 howler monkeys (D:7)
  6 jellies
  A crimson imp (D:7)
  A centaur zombie (D:7)
  2 hounds
  2 bullfrog zombies (D:5)
  A bullfrog skeleton (D:7)
  A gnoll shaman (D:4)
  6 orc priests
  Terence (D:3)
  6 iguanas
  7 orc wizards
  6 worker ants
  A hound zombie (D:5)
  A hound skeleton (D:5)
  12 gnolls
  7 adders
  2 shadow imps
  4 oozes (D:6)
  3 adder skeletons
  A worm (D:3)
  4 leopard geckos
  25 orcs
  5 giant cockroaches
  5 goblins
  9 hobgoblins
  15 jackals
  7 quokkas
  A ball python skeleton (D:6)
  11 bats
  5 frilled lizards
  16 kobolds
  18 rats
246 creatures vanquished.

Vanquished Creatures (others)
  11 toadstools (D:6)
11 creatures vanquished.

Grand Total: 257 creatures vanquished

Notes
Turn   | Place    | Note
-------+----------+-------------------------------------------
     0 | D:1      | RedPan the Gnoll Wanderer began the quest for the Orb.
     0 | D:1      | RedPan set off with the following items: a +0 hand
                  | crossbow, a potion of curing, a +2 scale mail, 28 bolts, a
                  | ration
     0 | D:1      | Reached XP level 1. HP: 23/23 MP: 1/1
   112 | D:1      | Reached XP level 2. HP: 20/29 MP: 2/2
   617 | D:1      | Reached XP level 3. HP: 35/35 MP: 3/3
   979 | D:1      | Reached skill level 1 in Invocations
  1191 | D:2      | Reached skill level 1 in Short Blades
  1191 | D:2      | Reached skill level 1 in Long Blades
  1191 | D:2      | Reached skill level 1 in Maces & Flails
  1191 | D:2      | Reached skill level 1 in Polearms
  1191 | D:2      | Reached skill level 1 in Staves
  1191 | D:2      | Reached skill level 1 in Slings
  1191 | D:2      | Reached skill level 1 in Bows
  1191 | D:2      | Reached skill level 1 in Dodging
  1191 | D:2      | Reached skill level 1 in Shields
  1191 | D:2      | Reached skill level 1 in Unarmed Combat
  1191 | D:2      | Reached skill level 1 in Spellcasting
  1191 | D:2      | Reached skill level 1 in Evocations
  1193 | D:2      | Reached XP level 4. HP: 40/41 MP: 5/5
  1249 | D:2      | Found an opulent altar of Gozag.
  1437 | D:2      | Found a bloodstained altar of Trog.
  2036 | D:3      | Reached skill level 1 in Conjurations
  2036 | D:3      | Reached skill level 1 in Hexes
  2036 | D:3      | Reached skill level 1 in Charms
  2036 | D:3      | Reached skill level 1 in Summonings
  2036 | D:3      | Reached skill level 1 in Necromancy
  2036 | D:3      | Reached skill level 1 in Translocations
  2036 | D:3      | Reached skill level 1 in Transmutations
  2036 | D:3      | Reached skill level 1 in Fire Magic
  2036 | D:3      | Reached skill level 1 in Ice Magic
  2036 | D:3      | Reached skill level 1 in Air Magic
  2036 | D:3      | Reached skill level 1 in Earth Magic
  2036 | D:3      | Reached skill level 1 in Poison Magic
  2154 | D:3      | Noticed Terence
  2171 | D:3      | Killed Terence
  2171 | D:3      | Reached XP level 5. HP: 38/47 MP: 5/7
  3169 | D:4      | Reached XP level 6. HP: 52/53 MP: 8/8
  3353 | D:4      | Got an ebony whip
  3354 | D:4      | Identified the +2 whip of the First Cities {drain, rF+ rC+
                  | Dex+2} (You found it on level 4 of the Dungeon)
  3448 | D:5      | Entered Level 5 of the Dungeon
  3449 | D:5      | Found a shimmering blue altar of Sif Muna.
  3678 | D:5      | Reached skill level 5 in Axes
  3678 | D:5      | Reached skill level 5 in Crossbows
  3711 | D:5      | Found a glowing silver altar of Zin.
  3780 | D:5      | Found a shadowy altar of Dithmenos.
  3837 | D:5      | Noticed a sky beast
  3864 | D:5      | Killed a sky beast
  3864 | D:5      | Reached skill level 7 in Fighting
  3864 | D:5      | Reached XP level 7. HP: 53/60 MP: 10/10
  4401 | D:5      | Found a burning altar of Makhleb.
  4533 | D:5      | Reached XP level 8. HP: 59/67 MP: 12/12
  4666 | D:5      | Found Carifost's Antique Weapon Boutique.
  4674 | D:5      | Bought a shimmering short sword for 232 gold pieces
  4674 | D:5      | Identified the +8 short sword of Ojomien {drain, MP+9} (You
                  | bought it in a shop on level 5 of the Dungeon)
  4881 | D:6      | Noticed Eustachio
  4922 | D:6      | Killed Eustachio
  5174 | D:6      | Found a sparkling altar of Nemelex Xobeh.
  5247 | D:6      | Found a blossoming altar of Fedhas.
  5253 | D:6      | Got a polished whip
  5254 | D:6      | Identified the cursed +0 whip of the Three Beggars {drain,
                  | rPois rF+ Str+2} (You found it on level 6 of the Dungeon)
  5462 | D:6      | Noticed a slime creature
  5481 | D:6      | Killed a slime creature
  5486 | D:6      | Reached XP level 9. HP: 28/72 MP: 14/14
  5833 | D:6      | Found an ancient bone altar of Kikubaaqudgha.
  6162 | D:7      | Found Cylalykk's Weapon Emporium.
  6198 | D:7      | Reached skill level 5 in Throwing
  6198 | D:7      | Reached skill level 5 in Armour
  6233 | D:7      | Found a staircase to the Ecumenical Temple.
  6286 | D:7      | Reached skill level 5 in Stealth
  6292 | Temple   | Entered the Ecumenical Temple
  6414 | D:7      | Found a sacrificial altar of Ru.
  6616 | D:7      | Reached skill level 8 in Fighting
  7129 | D:8      | Reached skill level 5 in Invocations
  7220 | D:8      | Found a snail-covered altar of Cheibriados.
  7248 | D:8      | Noticed a two-headed ogre
  7271 | D:8      | Killed a two-headed ogre
  7271 | D:8      | Reached XP level 10. HP: 40/80 MP: 17/17
  7280 | D:8      | Became a worshipper of Cheibriados the Contemplative
  7390 | D:8      | Reached skill level 5 in Short Blades
  7390 | D:8      | Reached skill level 5 in Long Blades
  7390 | D:8      | Reached skill level 5 in Maces & Flails
  7390 | D:8      | Reached skill level 5 in Polearms
  7390 | D:8      | Reached skill level 5 in Staves
  7390 | D:8      | Reached skill level 5 in Slings
  7390 | D:8      | Reached skill level 5 in Bows
  7390 | D:8      | Reached skill level 5 in Dodging
  7390 | D:8      | Reached skill level 5 in Shields
  7390 | D:8      | Reached skill level 5 in Unarmed Combat
  7390 | D:8      | Reached skill level 5 in Spellcasting
  7390 | D:8      | Reached skill level 5 in Evocations
  7475 | D:8      | Found a burning altar of Makhleb.
  7583 | D:8      | Noticed Erica
  7598 | D:8      | Killed Erica
  8085 | D:9      | Noticed Harold
  8099 | D:9      | Killed Harold
  8489 | D:9      | Found a staircase to the Lair.
  8655 | D:9      | Got a spiked plate armour
  8666 | D:9      | Identified the +13 plate armour "Alyraeck" {SInv} (You
                  | found it on level 9 of the Dungeon)
  8703 | D:9      | Reached * piety under Cheibriados
  8725 | D:9      | Reached XP level 11. HP: 66/87 MP: 19/19
  8953 | D:9      | Found a stormy altar of Qazlal.
  8956 | D:9      | Found a blossoming altar of Fedhas.
  9213 | D:9      | Found a staircase to the Orcish Mines.
  9229 | D:9      | You fall into a shaft and drop 3 floors!
  9435 | D:11     | Reached skill level 9 in Fighting
  9528 | D:11     | Reached ** piety under Cheibriados
  9628 | D:11     | Noticed Sonja
  9653 | D:11     | Noticed Josephine
  9654 | D:11     | Killed from afar by Josephine

Levels and vault maps discovered:
D:1:      lightli_iron_boxes, layout_loops_cross, serial_forest,
          infiniplex_forest_straight_3, infiniplex_forest_lined_corner,
          infiniplex_forest_end_2, infiniplex_forest_clump_C,
          infiniplex_forest_end_2, infiniplex_forest_clump_long,
          infiniplex_forest_clump_curved
D:2:      layout_basic, overflow_temple_1_default, grunt_gozag_statues
D:3:      layout_basic, uniq_terence
D:4:      layout_basic, first_ration
D:5:      minmay_polygon_palace, layout_basic, old_standard_altar,
          lemuel_round_altar, zin_scriptorium, serial_shops, nicolae_shop_trees,
          hex_large, makhleb_blood_cavern_becter
D:6:      cheibrodos_fertilizer, layout_basic, nemelex_altar_shiori,
          marbit_many_paths, fedhas_altar_2, uniq_eustachio
D:7:      layout_loops_ring, nicolae_ru_awakened_eye, temple_fountains,
          serial_shops, nicolae_shop_crystal
D:8:      layout_rooms, lemuel_crystal_altar, lemuel_coloured_pillars_altar,
          uniq_erica
D:9:      layout_gridville, grunt_temple_overflow_forces_of_nature,
          lair_entry_dummy, orc_0_dummy, serial_shops, shop, uniq_harold
D:11:     layout_basic, uniq_sonja, uniq_josephine
D:12:     layout_basic, serial_shops, shop, minmay_misc_feat_square
Temple:   eino_wide_crystal_templ

Skill      XL: |  1  2  3  4  5  6  7  8  9 10 11 |
---------------+----------------------------------+-----
Invocations    | 1 2 3 4 5 6 |  6.5
Short Blades   | 1 2 3 4 5 6 |  6.0
Long Blades    | 1 2 3 4 5 6 |  6.0
Maces & Flails | 1 2 3 4 5 6 |  6.0
Polearms       | 1 2 3 4 5 6 |  6.0
Staves         | 1 2 3 4 5 6 |  6.0
Slings         | 1 2 3 4 5 6 |  6.0
Bows           | 1 2 3 4 5 6 |  6.0
Dodging        | 1 2 3 4 5 6 |  6.0
Shields        | 1 2 3 4 5 6 |  6.0
Unarmed Combat | 1 2 3 4 5 6 |  6.0
Spellcasting   | 1 2 3 4 5 6 |  6.0
Evocations     | 1 2 3 4 5 6 |  6.0
Conjurations   | 1 2 3 4 |  4.9
Hexes          | 1 2 3 4 |  4.9
Charms         | 1 2 3 4 |  4.9
Summonings     | 1 2 3 4 |  4.9
Necromancy     | 1 2 3 4 |  4.9
Translocations | 1 2 3 4 |  4.9
Transmutations | 1 2 3 4 |  4.9
Fire Magic     | 1 2 3 4 |  4.9
Ice Magic      | 1 2 3 4 |  4.9
Air Magic      | 1 2 3 4 |  4.9
Earth Magic    | 1 2 3 4 |  4.9
Poison Magic   | 1 2 3 4 |  4.9
Throwing       | 3 4 5 6 |  6.5
Armour         | 3 4 5 6 |  6.5
Stealth        | 3 4 5 6 |  6.4
Axes           | 5 6 7 |  7.6
Crossbows      | 5 6 7 |  7.6
Fighting       | 7 8 9 |  9.0

Action                   |  1- 3 |  4- 6 |  7- 9 | 10-12 || total
-------------------------+-------+-------+-------+-------++-------
Melee: Whip              |    79 |    16 |   117 |       ||   212
       Bite              |    10 |    16 |    30 |    20 ||    76
       Short sword       |    60 |   153 |   166 |   183 ||   562
       Punch             |       |     3 |     3 |     5 ||    11
 Fire: Hand crossbow     |    30 |    64 |   128 |    73 ||   295
Throw: Dart              |       |     1 |     2 |     3 ||     6
Invok: Bend Time         |       |       |       |     1 ||     1
  Use: Scroll            |     2 |    11 |     5 |     3 ||    21
       Potion            |       |       |     1 |     5 ||     6
 Stab: Sleeping          |       |     1 |       |       ||     1
  Eat: Chunk             |     1 |     8 |    11 |     7 ||    27
Armor: Scale mail        |    85 |    70 |       |       ||   155
       Plate armour      |       |    48 |   183 |   129 ||   360
       Skin              |       |       |    40 |       ||    40
Dodge: Dodged            |    68 |    86 |   101 |    88 ||   343

Table legend:
 A = Non-vault XP
 B = Vault XP
 C = Vault XP percentage of total XP
 D = Non-vault monster count
 E = Vault monster count
 F = Vault count percentage of total count
                 A         B        C        D         E       F
            +---------+---------+-------+---------+---------+-------
      Total |    7777 |    3377 |  30.3 |     211 |      35 |  14.2
            +---------+---------+-------+---------+---------+-------
        D:1 |      57 |       0 |   0.0 |      34 |       0 |   0.0
        D:2 |      65 |       0 |   0.0 |      18 |       0 |   0.0
        D:3 |      58 |      36 |  38.3 |      27 |       1 |   3.6
        D:4 |     176 |       0 |   0.0 |      12 |       0 |   0.0
        D:5 |     522 |     525 |  50.1 |      18 |      13 |  41.9
        D:6 |     540 |     870 |  61.7 |      13 |      19 |  59.4
        D:7 |    1083 |       0 |   0.0 |      25 |       0 |   0.0
        D:8 |    2153 |     944 |  30.5 |      22 |       1 |   4.3
        D:9 |    1716 |    1002 |  36.9 |      27 |       1 |   3.6
       D:11 |    1407 |       0 |   0.0 |      15 |       0 |   0.0
            +---------+---------+-------+---------+---------+-------
